 Dungeon Crawl Stone Soup version 0.30-a0-459-g9104f0fc43 (webtiles) character file.

Game seed: 15632519984972351214

61 Monkooky the Grave Robber (level 3, 0/11 (14) HPs)
             Began as a Felid Wanderer on Dec 16, 2022.
             Was an Initiate of Gozag.
             Killed by divine providence
             ... invoked by an orc priest
              (11 damage)
             ... on level 2 of the Dungeon.
             The game lasted 00:05:30 (2109 turns).

Monkooky the Grave Robber (Felid Wanderer)          Turns: 2109, Time: 00:05:31

HP:   0/11 (14)     AC:  1    Str:  6    XL:     3   Next: 83%
MP:   1/6           EV: 18    Int: 14    God:    Gozag
Gold: 86            SH:  0    Dex: 21    Spells: 2/4 levels left
                                        Lives: 0   Deaths: 0

rFire   + . .      SeeInvis +    (weapon unavailable)
rCold   + . .      Faith    .    (shield unavailable)
rNeg    . . .      Spirit   .    (body armour unavailable)
rPois   .          Reflect  .    (helmet unavailable)
rElec   .          Harm     .    (cloak unavailable)
rCorr   .          Rampage  .    (gloves unavailable)
Will    .....                    (boots unavailable)
Stlth   +++.......               (no amulet)
HPRegen 0.21/turn                h - ring of Leohocla {rF+ rC+ Dex+3 Stlth+}
MPRegen 0.10/turn                (no ring)

@: heavily drained, quick
A: very small, claws 1, fangs 3, see invisible, speed 1, shaggy fur 1, stealthy
paws, no weapons or thrown items, no armour, multi-lived
a: Renounce Religion, Potion Petition, Call Merchant, Bribe Branch


You were on level 2 of the Dungeon.
You worshipped Gozag.
Gozag was noncommittal.
You visited 1 branch of the dungeon, and saw 2 of its levels.

You collected 86 gold pieces.

Inventory:

Jewellery
 h - the ring of Leohocla (left paw) {rF+ rC+ Dex+3 Stlth+}
   (You took it off a hobgoblin on level 2 of the Dungeon)

   [ring of protection from fire]

   Dex:       It affects your dexterity (+3).
   rF:        It protects you from fire.
   rC:        It protects you from cold.
   Stlth:     It makes you more stealthy.
Scrolls
 a - a scroll of teleportation
 b - a scroll of magic mapping {unknown}
 c - 4 scrolls of identify {unknown}
 e - a scroll of amnesia {unknown}
Potions
 d - a potion of heal wounds {unknown}
 f - a potion of curing {unknown}
 g - 2 potions of might {unknown}
 i - a potion of berserk rage {unknown}


   Skills:
 - Level 3.1 Dodging
 - Level 1.4 Spellcasting
 + Level 1.1 Conjurations
 + Level 4.5 Necromancy
 - Level 3.5 Translocations
 - Level 1.7 Evocations


You had 2 spell levels left.
You knew the following spells:

 Your Spells              Type           Power      Damage    Failure   Level
a - Necrotise             Necr           52%        1d6       4%          1
b - Kiss of Death         Conj/Necr      32%        2d7       8%          1

Your spell library contained the following spells:

 Spells                   Type           Power      Damage    Failure   Level
 Apportation              Tloc           20%        N/A       6%          1
 Cigotuvi's Dreadful Rot  Necr/Pois/Air  10%        N/A       21%         2
 Summon Small Mammal      Summ           0%         N/A       26%         1
 Lesser Beckoning         Tloc           20%        N/A       19%         3


Dungeon Overview and Level Annotations

Branches:
Dungeon (2/15)

Altars:
Gozag


Innate Abilities, Weirdness & Mutations

You have sharp claws.
You have razor-sharp teeth.
You have supernaturally acute eyesight. (SInv)
You cover ground quickly. (Speed+)
You are covered in fur. (AC +1)
Your paws help you pounce on unaware monsters.
You are incapable of wielding weapons or throwing items.
You cannot wear armour.
You gain extra lives every three experience levels.


Message History

A giant cockroach comes into view.
You can't see any susceptible monsters within range! (Use Z to cast anyway.)
The giant cockroach barely resists.
The giant cockroach barely resists.
The giant cockroach barely resists.
The giant cockroach writhes in agony.
The giant cockroach bites you but does no damage.
The giant cockroach barely resists.
The giant cockroach completely misses you.
The giant cockroach barely resists.
The giant cockroach closely misses you.
You closely miss the giant cockroach.
The giant cockroach is severely wounded.
The giant cockroach bites you.
The giant cockroach completely misses you.
You scratch the giant cockroach but do no damage.
The giant cockroach is severely wounded.
The giant cockroach misses you.
You scratch the giant cockroach.
You kill the giant cockroach!
No target in view!
You now have 78 gold pieces (gained 6).
You now have 86 gold pieces (gained 8).
Found a robe.
There is a stone staircase leading down here.
An orc comes into view. It is wielding a +0 hand axe.
An orc priest comes into view. It is wielding a +0 whip.
A hobgoblin comes into view.
The orc priest shouts!
You hear a shout!
The orc priest struggles to resist.
The orc shouts!
The hobgoblin shouts!
The orc priest writhes in agony.
The orc priest struggles to resist.
The orc priest struggles to resist.
The orc priest miscasts a cantrip.
The orc priest writhes in agony.
The orc priest calls down the wrath of Beogh upon you.
Beogh smites you!
Ouch! That really hurt!
You die...
Your body crumbles into a pile of gold.

# # # # #
##################
##########......@...o.og...
......).[.>################
..#######..# ..# #..# ..#
###..#### #.# #.......# #.#
#.#####.#### #.#####.#
#....# #.......# #.##.#


You could see an orc priest, an orc and a hobgoblin.

Vanquished Creatures
  2 adders (D:2)
  2 worms (D:2)
  3 ball pythons (D:1)
  4 giant cockroaches
  A goblin (D:2)
  7 hobgoblins
  2 jackals (D:1)
  3 bats
  5 kobolds
  3 rats (D:1)
32 creatures vanquished.

Vanquished Creatures (collateral kills)
  2 ball pythons
2 creatures vanquished.

Vanquished Creatures (others)
  2 withered plants (D:2)
2 creatures vanquished.

Grand Total: 36 creatures vanquished

Notes
Turn   | Place    | Note
-------+----------+-------------------------------------------
     0 | D:1      | Monkooky the Felid Wanderer began the quest for the Orb.
     0 | D:1      | Monkooky set off with the following items: a scroll of
                  | teleportation; and the following spells available to
                  | memorise: Necrotise, Apportation, Kiss of Death, Cigotuvi's
                  | Dreadful Rot, Lesser Beckoning.
     0 | D:1      | Reached XP level 1. HP: 7/7 MP: 3/3
     2 | D:1      | Learned a level 1 spell: Necrotise
   272 | D:1      | Reached XP level 2. HP: 11/11 MP: 0/4
  1088 | D:2      | Reached XP level 3. HP: 14/14 MP: 4/6
  1090 | D:2      | Learned a level 1 spell: Kiss of Death
  1419 | D:2      | Identified the ring of Leohocla {rF+ rC+ Dex+3 Stlth+}
  1634 | D:2      | Reached skill level 1 in Conjurations
  1807 | D:2      | Found a faded altar of an unknown god.
  1815 | D:2      | Prayed at the altar of an unknown god.
  1815 | D:2      | Became a worshipper of Gozag Ym Sagoz the Greedy
  2109 | D:2      | Killed from afar by an orc priest

Illustrated notes

Levels and vault maps discovered:
D:1:      minmay_arrival_shoal_huts, layout_loops_ring
D:2:      layout_loops_ring, ebering_ecumenical_altar_petrified,
          chequers_serial_rivers_micro_b, dreamdust_princess_bridge

Skill      XL: |  1  2  3 |
---------------+----------+-----
Dodging        | 3 |  3.1
Conjurations   | 1 |  1.1
Spellcasting   | |  1.4
Necromancy     | |  4.5
Translocations | |  3.5
Evocations     | |  1.7

Action                   || total
-------------------------++-------
Melee: Unarmed           ||    19
       Bite              ||     2
 Cast: Necrotise         ||    92
       Kiss of Death     ||     2
Armor: Skin              ||     1
Dodge: Dodged            ||    32

Table legend: (Time is in decaauts)
 A = Elapsed time spent in this place.
 B = Non-inter-level travel time spent in this place.
 C = Inter-level travel time spent in this place.
 D = Time resting spent in this place.
 E = Time spent auto-exploring this place.
 F = Levels seen in this place.
 G = Mean time per level.
                   A        B        C        D        E       F      G
               +--------+--------+--------+--------+--------+-----+--------+
         Total |   1889 |   1857 |     32 |     83 |   1453 |   2 |  944.5 |
       Dungeon |   1889 |   1857 |     32 |     83 |   1453 |   2 |  944.5 |
               +--------+--------+--------+--------+--------+-----+--------+

Top non-repeatable levels by time:
     D:2: 957 daAuts
     D:1: 931 daAuts
